Map: Malwarfare

Players

ZPR

  • Race: Zerg Zerg
  • Spawn Location: 7:00

zpr

  • Race: Terran Terran
  • Spawn Location: 7:00

VOD

Have the link to the VOD?

Description

Time

  • Played on: Feb. 6, 2018, 2 p.m.
  • Length: 23:56
Show
View Real Time Build Order
Export as new Build Order

ZPR Zerg 

Build Orders:  

Get SALT Encoding   

  6  0:10  Drone x2  
  6  0:18  Drone x2  
  8  0:27  Drone x2  
  9  0:37  Extractor  
  8  0:40  Drone x2  
  8  0:49  Drone x2  
  10  1:12  Spawning Pool  
  10  1:19  Drone x2  
  11  1:26  Extractor  
  10  1:33  Overlord  
  10  1:43  Baneling Nest  
  10  1:50  Drone x2  
  10  1:57  Drone x2  
  12  2:04  Drone x2  
  13  2:21  Lair  
  13  2:49  Evolution Chamber, Drone x6  
  17  2:58  Overlord  
  17  3:05  Drone x2  
  20  3:21  Corrosive Acid  
  20  3:29  Heroic Fortitude  
  20  3:33  Drone x2  
  20  3:38  Drone x2  
  22  3:47  Overlord  
  24  3:53  Drone x2  
  25  4:00  Drone x2  
  25  4:09  Centrifical Hooks  
  28  4:44  Hatchery, Extractor  
  29  4:53  Drone x2  
  30  5:01  Zerg Melee Weapons Level 1  
  30  5:06  Overlord  
  30  5:08  Extractor  
  30  5:11  Drone x2  
  33  5:24  Metabolic Boost  
  33  5:31  Hive  
  33  5:41  Scourge Nest  
  33  5:46  Drone x2  
  35  5:55  Drone x2  
  35  5:59  Drone x4  
  38  6:19  Aberration  
  43  6:22  Overlord  
  43  6:28  Aberration  
  46  6:34  Rupture  
  48  6:57  Aberration x2  
  52  7:20  Aberration x2  
  52  7:28  Aberration  
  57  7:32  Simplified Genome  
  57  7:42  Overlord x2  
  57  7:43  Overlord  
  59  7:52  Zerg Melee Weapons Level 2  
  59  8:11  Adrenal Overload  
  59  8:19  Drone x2  
  62  8:32  Virulent Spores  
  62  8:37  Hatchery x2  
  61  8:46  Aberration x2  
  69  8:54  Scourge x2  
  69  8:55  Scourge x10  
  70  9:08  Scourge x6  
  70  9:09  Scourge x10  
  80  9:29  Aberration x2  
  80  9:47  Aberration x2  
  88  9:55  Roach x14  
  88  9:56  Roach x6  
  88  9:58  Aberration x2  
  87  10:03  Overlord  
  87  10:15  Zerg Flyer Weapons Level 1  
  64  10:30  Scourge x8  
  89  10:39  Aberration x2  
  83  10:42  Swarmling x6  
  83  10:43  Swarmling x3  
  83  10:47  Aberration  
  85  10:56  Swarmling x3  
  85  10:57  Swarmling x27  
  98  11:12  Scourge x4  
  95  11:32  Zerg Melee Weapons Level 3  
  95  11:37  Hardened Carapace  
  93  11:51  Scourge x6  
  93  11:52  Scourge x6  
  93  11:59  Scourge x2  
  73  12:00  Scourge x6  
  93  12:23  Scourge x6  
  93  12:24  Scourge x8  
  100  12:37  Shredding Claws  
  94  12:49  Aberration  
  96  12:52  Overlord  
  96  12:59  Roach x6  
  95  13:00  Roach x12  
  95  13:01  Roach x2  
  80  13:13  Scourge x10  
  80  13:14  Swarmling x3, Scourge x4  
  80  13:15  Swarmling x21  
  80  13:16  Swarmling x15  
  100  13:20  Overseer  
  100  13:21  Overseer  
  89  13:41  Scourge x4  
  89  13:42  Scourge x18  
  96  13:50  Drone x4  
  78  14:14  Scourge x4  
  78  14:15  Scourge x10  
  78  14:16  Scourge x8  
  84  14:23  Scourge x8  
  84  14:26  Hatchery  
  84  14:27  Hatchery  
  85  14:30  Scourge x6  
  85  14:38  Scourge x6  
  91  14:46  Scourge x4  
  93  14:54  Scourge x6  
  93  14:55  Scourge x2  
  92  15:10  Aberration x2  
  92  15:19  Scourge x2  
  94  15:55  Aberration x2  
  99  16:01  Roach x10  
  99  16:02  Roach x10  
  91  16:37  Scourge x12  
  93  16:47  Aberration x2  
  99  16:52  Scourge x2  
  92  17:20  Scourge x4  
  92  17:21  Scourge x10  
  89  17:43  Aberration x2  
  89  17:44  Aberration  
  90  18:02  Scourge x4  
  90  18:03  Scourge x8  
  90  18:05  Scourge x4  
  90  18:06  Scourge x6  
  88  18:21  Scourge x10  
  88  18:22  Scourge x8  
  88  18:24  Scourge x14  
  88  18:25  Scourge x2  
  92  18:55  Aberration x2  
  77  19:03  Roach x14, Aberration  
  77  19:04  Aberration x3, Roach x6  
  77  19:06  Scourge x10  
  77  19:07  Scourge x12  
  77  19:08  Scourge x4  
  62  19:30  Aberration x2  
  62  19:39  Swarmling x3  
  68  19:40  Swarmling x24  
  68  19:41  Swarmling x30  
  97  19:51  Scourge x6  
  58  21:13  Scourge x4  
  58  21:14  Scourge x22  
  58  21:15  Swarmling x3  
  58  21:16  Swarmling x30  
  65  21:24  Aberration x2  
  65  21:25  Aberration x4  
  65  21:27  Scourge x4  
  65  21:28  Scourge x4  
  80  21:46  Aberration x4  
  80  22:05  Roach x16  
  80  22:06  Roach x4  
  52  22:41  Aberration x7  
  52  22:45  Swarmling x15  
  52  22:46  Swarmling x51  
  83  23:21  Scourge x4  
  83  23:22  Scourge x10  
  83  23:23  Scourge x12  
  83  23:24  Scourge x6  
Show
View Real Time Build Order
Export as new Build Order

zpr Terran 

Build Orders:  

Get SALT Encoding   

Tags
 
Commander
RaynorZagara
Matchup
Co-op
Replay Pack
Co-op Speedrun
Add a new tag
Caveats
  • Supply blocks, unpowered buildings, or Contaminate may cause inaccurate times.
  • Supply counts are checked every 10 seconds.